 Dungeon Crawl Stone Soup version 0.21-a0-329-g12f17e1 (webtiles) character file.

55637 tidbits the Spear-Bearer (level 14, -20/111 HPs)
             Began as a Gnoll Wanderer on Oct 1, 2017.
             Was a High Priest of Cheibriados.
             Demolished by a grey draconian monk (28 damage)
             ... summoned by old memories
             ... in a wizard's laboratory.
             The game lasted 01:31:19 (9979 turns).

tidbits the Spear-Bearer (Gnoll Wanderer)           Turns: 9979, Time: 01:31:20

Health: -20/111    AC: 14    Str: 28    XL:     14   Next: 78%
Magic:  0/27       EV: 26    Int: 37    God:    Cheibriados [*****.]
Gold:   557        SH:  9    Dex: 31    Spells: 17/31 levels left

rFire    + + .     SeeInvis .   L - +0 demon trident (flame)
rCold    + . .     Gourm    .   D - +0 buckler
rNeg     . . .     Faith    .   B - +2 troll leather armour
rPois    +         Spirit   +   E - +2 helmet of the City {Int+5}
rElec    .         Reflect  .   C - scarf {rC+ rF+}
rCorr    .         Harm     .   (no gloves)
MR       +....     Clarity  +   F - +0 pair of boots
Stlth    +++++.....             p - amulet of guardian spirit
HPRegen  0.68/turn              P - ring of poison resistance
MPRegen  0.20/turn              V - +3 ring of evasion

@: very slow
A: distributed training, fangs 1, iridescent scales 1, clarity, fire resistance
1, strong nose
a: Bend Time, Temporal Distortion, Slouch, Step From Time, Renounce Religion


You were in a wizard's laboratory.
You worshipped Cheibriados.
Cheibriados was extremely pleased with you.
You were not hungry.

You visited 4 branches of the dungeon, and saw 19 of its levels.
You also visited: Wizlab.

You collected 1578 gold pieces.
You spent 1021 gold pieces at shops.

Inventory:

Hand Weapons
 g - a +0 blowgun
 q - a +2 scimitar of venom
   (You took it off an orc warrior on level 2 of the Orcish Mines)
 x - a +2 whip of electrocution
   (You took it off a gnoll on level 3 of the Dungeon)
 I - a +4 scimitar of flaming
   (You took it off an efreet on level 11 of the Dungeon)
 L - a +0 demon trident of flaming (weapon)
   (You found it on level 1 of the Elven Halls)
 Z - a +1 war axe of flaming
   (You took it off a meliai on level 12 of the Dungeon)
Missiles
 l - 298 arrows
 n - 14 javelins (quivered)
 X - 9 curare-tipped needles
Armour
 B - a +2 troll leather armour (worn)
 C - a scarf of resistance (worn)
   (You bought it in a shop on level 10 of the Dungeon)
 D - a +0 buckler (worn)
 E - the +2 helmet of the City (worn) {Int+5}
   (You found it on level 7 of the Dungeon)

   It affects your intelligence (+5).
 F - a +0 pair of boots (worn)
Jewellery
 p - an amulet of guardian spirit (around neck)
   (You found it on level 9 of the Dungeon)
 y - an uncursed ring of protection from magic
   (You found it on level 8 of the Dungeon)
 O - an uncursed ring of flight
   (You found it on level 7 of the Dungeon)
 P - a ring of poison resistance (left hand)
   (You found it on level 2 of the Dungeon)
 V - a +3 ring of evasion (right hand)
   (You found it on level 12 of the Dungeon)
Wands
 b - a wand of clouds (0/9)
 h - a wand of iceblast (9/15)
 r - a wand of digging (0/24)
 s - a wand of polymorph (11/24)
 J - a wand of lightning (3/15)
 M - a wand of lightning (0/15)
 N - a wand of confusion (1/48)
 Q - a wand of iceblast (2/15)
 R - a wand of flame (36/48)
 T - a wand of disintegration (2/24)
Scrolls
 i - 2 scrolls of fear
 m - 5 scrolls of remove curse
 A - 5 scrolls of magic mapping
 G - 2 scrolls of immolation
 H - 2 scrolls of teleportation
 Y - 2 scrolls of amnesia
Potions
 c - 2 potions of ambrosia
 d - 2 potions of agility
 e - a potion of magic
 o - 4 potions of curing
 u - a potion of flight {unknown}
 w - 2 potions of resistance {unknown}
 K - 2 potions of brilliance
 U - a potion of lignification
 W - a potion of might
Miscellaneous
 k - a lightning rod (4/4)
Comestibles
 f - 5 bread rations


   Skills:
 + Level 10.4 Fighting
 + Level 9.3 Short Blades
 + Level 9.7 Long Blades
 + Level 9.3 Axes
 + Level 9.3 Maces & Flails
 + Level 12.3 Polearms
 + Level 9.3 Staves
 + Level 9.3 Slings
 + Level 9.3 Bows
 + Level 9.3 Crossbows
 + Level 9.3 Throwing
 + Level 9.3 Armour
 + Level 9.7 Dodging
 + Level 9.3 Stealth
   Level 0.0 Stabbing
 + Level 9.7 Shields
   Level 0.0 Traps
 + Level 9.3 Unarmed Combat
 + Level 9.3 Spellcasting
 + Level 9.3 Conjurations
 + Level 9.3 Hexes
 + Level 9.3 Charms
 + Level 9.3 Summonings
 + Level 9.3 Necromancy
 + Level 9.3 Translocations
 + Level 9.3 Transmutations
 + Level 9.3 Fire Magic
 + Level 9.3 Ice Magic
 + Level 9.3 Air Magic
 + Level 9.3 Earth Magic
 + Level 9.3 Poison Magic
 + Level 9.3 Invocations
 + Level 9.7 Evocations


You had 17 spell levels left.
You knew the following spells:

 Your Spells              Type           Power        Failure   Level  Hunger
a - Apportation           Tloc           ######       1%          1    None
c - Confuse               Hex            ######..     1%          3    None
f - Freezing Cloud        Conj/Ice/Air   ######....   9%          6    #####..
m - Mephitic Cloud        Conj/Pois/Air  ######..     1%          3    None
n - Animate Skeleton      Necr           N/A          1%          1    None


Dungeon Overview and Level Annotations

Branches:
Dungeon (15/15)            Temple (1/1) D:4             Orc (2/2) D:9
    Elf (1/3) Orc:2        Vaults (0/5) D:14         Depths (0/5) D:15
   Lair: D:8-11

Altars:
Ashenzari
Cheibriados
Dithmenos
Elyvilon
Fedhas
Gozag
Hepliaklqana
Kikubaaqudgha
Okawaru
Qazlal
Ru
Sif Muna
Trog
Uskayaw
Vehumet
Wu Jian
Xom
Yredelemnul
Zin
The Shining One
Beogh

Shops:
D:10 *![**   D:11 (   Orc:2 !!}((

Portals:
Pandemonium: Orc:2


Innate Abilities, Weirdness & Mutations

Your experience applies equally to all skills.
You have very sharp teeth.
Your uncanny sense of smell can sniff out nearby items.
You are partially covered in iridescent scales. (AC +2)
You possess an exceptional clarity of mind.
Your flesh is heat resistant. (rF+)


Message History

The deep troll misses you. The deep troll closely misses you.
The deep troll barely misses you.
Put on which piece of jewellery? (? for menu, Esc to quit)
Okay, then.
Press: ? - help, v - describe, . - travel
Here: a deep troll (noxious fumes, summoned)
The floor, spattered with blood.
You impale the deep troll!! You burn the deep troll!
Your bite misses the deep troll.
The deep troll is almost dead.
The deep troll is engulfed in noxious fumes.
The deep troll misses you. You block the deep troll's attack. x2
You barely miss the deep troll. You bite the deep troll.
The deep troll is almost dead.
The deep troll is engulfed in noxious fumes.
The deep troll appears confused.
The deep troll says, "Why is everything spinning?"
You catch the helpless deep troll completely off-guard!
You hit the deep troll. You burn the deep troll. You bite the deep troll.
You kill the deep troll!
The deep troll's corpse dissolves into shadows!
You open the door.
There is an open door, spattered with blood here.
Shadows coalesce into solid form.
The grey draconian monk roars!
The deep troll shouts!
The deep troll completely misses you. The deep troll barely misses you.
You block the deep troll's attack. The grey draconian monk misses you.
The grey draconian monk kicks you! The grey draconian monk tail-slaps you!
The grey draconian monk tail-slaps you. The deep troll barely misses you.
You block the deep troll's attack. The deep troll claws you!
The grey draconian monk hits you.
The grey draconian monk completely misses you.
The grey draconian monk barely misses you. x2
The grey draconian monk roars!
You block the grey draconian monk's attack.
The grey draconian monk kicks you!
The grey draconian monk tail-slaps you but does no damage.
You block the grey draconian monk's attack.
The grey draconian monk hits you.
* * * LOW HITPOINT WARNING * * *
The grey draconian monk completely misses you.
You block the grey draconian monk's attack. x3
The grey draconian monk completely misses you.
The grey draconian monk tail-slaps you!
* * * LOW HITPOINT WARNING * * *
The grey draconian monk misses you. The grey draconian monk hits you!
* * * LOW HITPOINT WARNING * * *
The grey draconian monk misses you.
You block the grey draconian monk's attack.
The grey draconian monk tail-slaps you!
* * * LOW HITPOINT WARNING * * *
Casting: Mephitic Cloud
Confirm with . or Enter, or press ? or * to list all spells.
Aiming: Mephitic Cloud
Press: ? - help, Shift-Dir - straight line, f - grey draconian monk
Aim: a grey draconian monk, wearing a cloak (summoned)
The ball explodes into a vile cloud!
The stinking cloud engulfs the grey draconian monk.
The stinking cloud engulfs the deep troll.
The stinking cloud engulfs you!
The stinking cloud engulfs the grey draconian monk.
The deep troll dissolves into shadows!
The grey draconian monk is engulfed in noxious fumes.
The grey draconian monk appears confused.
The grey draconian monk is engulfed in noxious fumes.
The grey draconian monk hits you.
* * * LOW HITPOINT WARNING * * *
The grey draconian monk kicks you but does no damage.
You block the grey draconian monk's attack. x2
The grey draconian monk is engulfed in noxious fumes. x2
The grey draconian monk misses you. The grey draconian monk kicks you!
* * * LOW HITPOINT WARNING * * *
The grey draconian monk tail-slaps you but does no damage.
The grey draconian monk misses you.
There is an open door, spattered with blood here.
You closely miss the grey draconian monk.
Your bite misses the grey draconian monk.
The flow of time bends around you.
Cheibriados rebukes the grey draconian monk.
The grey draconian monk seems to slow down.
You feel slightly more hungry.
The grey draconian monk seems less confused.
The grey draconian monk is engulfed in noxious fumes.
The grey draconian monk closely misses you.
The grey draconian monk kicks you!
* * * LOW HITPOINT WARNING * * *
You block the grey draconian monk's attack.
The grey draconian monk completely misses you.
Okay, then.
Press: ? - help, v - describe, . - travel
Here: a grey draconian monk, wearing a cloak (noxious fumes, slow, summoned)
The floor.
Press: ? - help, v - describe, . - travel
Here: a grey draconian monk, wearing a cloak (noxious fumes, slow, summoned)
The floor.
You closely miss the grey draconian monk.
The grey draconian monk is engulfed in noxious fumes.
The grey draconian monk hits you!!
You die...

#+++## #♣♣....♣#
♣♣♣.......♣♣♣♣♣♣
...........♣...♣
♣.....8........♣ #####
..............♣♣##...##
.............§§q@..∩..#
.......♣.....§q♣##...##
....♣♣♣♣.♣....♣♣ #####
♣♣..♣ ♣♣.♣.♣.♣ ♣♣♣♣
♣♣♣♣♣♣♣


You could see 2 draconians.

Vanquished Creatures
  A deep elf sorcerer (Elf:1)
  A fire giant (D:11)
  4 hydras
  2 centaur warriors
  4 two-headed ogres
  A tengu warrior (D:11)
  7 orc high priests (Orc:2)
  A soul eater (Orc:2)
  A deep elf knight (Elf:1)
  A sixfirhy (Orc:2)
  A skeletal warrior (D:14)
  A torturous demonspawn (Orc:2)
  2 unseen horrors (D:13)
  A wizard (D:15)
  7 orc knights
  7 deep elf magi
  The ghost of KristoblXynda the Shield-Bearer, a novice DrFi of Cheibriados (D:6)
  5 orc sorcerers
  An ugly thing (D:11)
  A centaur zombie (D:12)
  3 manticores
  A cyclops (shapeshifter) (D:13)
  6 cyclopes
  A rust devil (Orc:2)
  Maurice (Orc:1)
  A gargoyle (D:10)
  An efreet (D:11)
  A rime drake (shapeshifter) (D:14)
  3 kobold demonologists
  A tengu conjurer (D:14)
  2 komodo dragons
  5 yaktaurs (D:14)
  A hellwing (Orc:2)
  A queen bee (D:12)
  An ice devil (Orc:2)
  3 meliai (D:12)
  7 trolls
  The ghost of tidbits the Charmwright, an amateur GnSk (D:4)
  A hornet (D:14)
  Grinder (D:4)
  Prince Ribbit (D:8)
  2 dream sheep (D:11)
  3 hippogriffs
  2 wyverns (D:10)
  A shadow (D:15)
  Grum (D:10)
  11 yaks (D:11)
  A hungry ghost (D:11)
  2 vampire mosquitoes (D:13)
  2 wargs (Orc:1)
  3 swamp worms (D:9)
  A black bear (D:10)
  26 orc warriors
  4 ice beasts
  2 necrophages
  9 ogres
  A phantom (D:10)
  A sky beast (D:10)
  An eye of draining (D:14)
  8 centaurs
  4 wolves (D:10)
  A boggart (D:14)
  2 crocodiles
  6 big kobolds
  10 bullfrogs
  2 scorpions
  A wyvern skeleton (D:14)
  30 killer bees
  9 wights
  4 howler monkeys
  7 crimson imps
  2 bullfrog zombies
  A quasit (D:12)
  3 hounds
  17 orc wizards
  22 orc priests
  6 centaur skeletons
  3 iguanas
  Ijyb (D:5)
  2 bullfrog skeletons
  2 worker ants
  A hound zombie (D:8)
  A howler monkey skeleton (D:11)
  10 adders
  10 gnolls
  3 shadow imps
  An adder zombie (D:6)
  12 worms
  A dart slug (D:2)
  7 leopard geckos
  70 orcs
  2 ball pythons (D:2)
  4 giant cockroaches
  6 goblins
  8 hobgoblins
  5 jackals
  2 quokkas (D:7)
  2 frilled lizards
  25 kobolds
  A leopard gecko zombie (D:5)
  A quokka skeleton (D:5)
  7 rats
488 creatures vanquished.

Vanquished Creatures (collateral kills)
  A necromancer (D:15)
  A wolf spider zombie (D:15)
  An orc sorcerer (D:15)
  A manticore (D:15)
  3 centaur skeletons (D:15)
  2 orc warriors (Orc:2)
  A hornet zombie (D:15)
  A crimson imp (D:15)
  An orc priest (Orc:2)
  An orc wizard (Orc:2)
  4 orcs (Orc:2)
17 creatures vanquished.

Vanquished Creatures (others)
  Asterion (Elf:1)
  A centaur (D:13)
  11 plants (D:9)
13 creatures vanquished.

Grand Total: 518 creatures vanquished

Notes
Turn   | Place    | Note
-------+----------+-------------------------------------------
     0 | D:1      | tidbits the Gnoll Wanderer began the quest for the Orb.
     0 | D:1      | tidbits set off with: a +2 spear, a +0 quarterstaff, a +0 buckler, a +0 robe, a bread ration
     0 | D:1      | Reached XP level 1. HP: 20/20 MP: 2/2
   151 | D:1      | Reached XP level 2. HP: 24/26 MP: 3/3
   480 | D:2      | Reached XP level 3. HP: 28/31 MP: 4/4
   663 | D:3      | Reached skill level 1 in Short Blades
   663 | D:3      | Reached skill level 1 in Axes
   663 | D:3      | Reached skill level 1 in Maces & Flails
   663 | D:3      | Reached skill level 1 in Staves
   663 | D:3      | Reached skill level 1 in Slings
   663 | D:3      | Reached skill level 1 in Bows
   663 | D:3      | Reached skill level 1 in Crossbows
   663 | D:3      | Reached skill level 1 in Throwing
   663 | D:3      | Reached skill level 1 in Armour
   663 | D:3      | Reached skill level 1 in Stealth
   663 | D:3      | Reached skill level 1 in Unarmed Combat
   663 | D:3      | Reached skill level 1 in Spellcasting
   663 | D:3      | Reached skill level 1 in Conjurations
   663 | D:3      | Reached skill level 1 in Hexes
   663 | D:3      | Reached skill level 1 in Charms
   663 | D:3      | Reached skill level 1 in Summonings
   663 | D:3      | Reached skill level 1 in Necromancy
   663 | D:3      | Reached skill level 1 in Translocations
   663 | D:3      | Reached skill level 1 in Transmutations
   663 | D:3      | Reached skill level 1 in Fire Magic
   663 | D:3      | Reached skill level 1 in Ice Magic
   663 | D:3      | Reached skill level 1 in Air Magic
   663 | D:3      | Reached skill level 1 in Earth Magic
   663 | D:3      | Reached skill level 1 in Poison Magic
   663 | D:3      | Reached skill level 1 in Invocations
   663 | D:3      | Reached XP level 4. HP: 38/38 MP: 4/6
   790 | D:3      | Found a stormy altar of Qazlal.
   923 | D:4      | Noticed a bullfrog
   930 | D:4      | Killed a bullfrog
   930 | D:4      | Reached XP level 5. HP: 39/43 MP: 7/7
  1108 | D:4      | Noticed tidbits's ghost (amateur GnSk)
  1128 | D:4      | Killed tidbits's ghost
  1128 | D:4      | Reached skill level 5 in Fighting
  1128 | D:4      | Reached skill level 2 in Short Blades
  1128 | D:4      | Reached skill level 3 in Long Blades
  1128 | D:4      | Reached skill level 2 in Axes
  1128 | D:4      | Reached skill level 2 in Maces & Flails
  1128 | D:4      | Reached skill level 2 in Staves
  1128 | D:4      | Reached skill level 2 in Slings
  1128 | D:4      | Reached skill level 2 in Bows
  1128 | D:4      | Reached skill level 2 in Crossbows
  1128 | D:4      | Reached skill level 2 in Throwing
  1128 | D:4      | Reached skill level 2 in Armour
  1128 | D:4      | Reached skill level 3 in Dodging
  1128 | D:4      | Reached skill level 2 in Stealth
  1128 | D:4      | Reached skill level 3 in Shields
  1128 | D:4      | Reached skill level 2 in Unarmed Combat
  1128 | D:4      | Reached skill level 2 in Spellcasting
  1128 | D:4      | Reached skill level 2 in Conjurations
  1128 | D:4      | Reached skill level 2 in Hexes
  1128 | D:4      | Reached skill level 2 in Charms
  1128 | D:4      | Reached skill level 2 in Summonings
  1128 | D:4      | Reached skill level 2 in Necromancy
  1128 | D:4      | Reached skill level 2 in Translocations
  1128 | D:4      | Reached skill level 2 in Transmutations
  1128 | D:4      | Reached skill level 2 in Fire Magic
  1128 | D:4      | Reached skill level 2 in Ice Magic
  1128 | D:4      | Reached skill level 2 in Air Magic
  1128 | D:4      | Reached skill level 2 in Earth Magic
  1128 | D:4      | Reached skill level 2 in Poison Magic
  1128 | D:4      | Reached skill level 2 in Invocations
  1128 | D:4      | Reached skill level 3 in Evocations
  1128 | D:4      | Reached XP level 6. HP: 51/51 MP: 7/9
  1207 | D:4      | Noticed Grinder
  1225 | D:4      | Killed Grinder
  1225 | D:4      | Reached XP level 7. HP: 56/56 MP: 10/10
  1340 | D:4      | Found a basalt altar of Yredelemnul.
  1361 | D:4      | Noticed a two-headed ogre
  1386 | D:4      | Killed a two-headed ogre
  1386 | D:4      | Reached skill level 3 in Short Blades
  1386 | D:4      | Reached skill level 4 in Long Blades
  1386 | D:4      | Reached skill level 3 in Axes
  1386 | D:4      | Reached skill level 3 in Maces & Flails
  1386 | D:4      | Reached skill level 9 in Polearms
  1386 | D:4      | Reached skill level 3 in Staves
  1386 | D:4      | Reached skill level 3 in Slings
  1386 | D:4      | Reached skill level 3 in Bows
  1386 | D:4      | Reached skill level 3 in Crossbows
  1386 | D:4      | Reached skill level 3 in Throwing
  1386 | D:4      | Reached skill level 3 in Armour
  1386 | D:4      | Reached skill level 4 in Dodging
  1386 | D:4      | Reached skill level 3 in Stealth
  1386 | D:4      | Reached skill level 4 in Shields
  1386 | D:4      | Reached skill level 3 in Unarmed Combat
  1386 | D:4      | Reached skill level 3 in Spellcasting
  1386 | D:4      | Reached skill level 3 in Conjurations
  1386 | D:4      | Reached skill level 3 in Hexes
  1386 | D:4      | Reached skill level 3 in Charms
  1386 | D:4      | Reached skill level 3 in Summonings
  1386 | D:4      | Reached skill level 3 in Necromancy
  1386 | D:4      | Reached skill level 3 in Translocations
  1386 | D:4      | Reached skill level 3 in Transmutations
  1386 | D:4      | Reached skill level 3 in Fire Magic
  1386 | D:4      | Reached skill level 3 in Ice Magic
  1386 | D:4      | Reached skill level 3 in Air Magic
  1386 | D:4      | Reached skill level 3 in Earth Magic
  1386 | D:4      | Reached skill level 3 in Poison Magic
  1386 | D:4      | Reached skill level 3 in Invocations
  1386 | D:4      | Reached skill level 4 in Evocations
  1386 | D:4      | Reached XP level 8. HP: 53/64 MP: 10/12
  1402 | D:4      | Found a staircase to the Ecumenical Temple.
  1409 | Temple   | Entered the Ecumenical Temple
  1564 | D:5      | Entered Level 5 of the Dungeon
  1867 | D:5      | Noticed Ijyb
  1879 | D:5      | Killed Ijyb
  2011 | D:6      | Found a deep blue altar of Sif Muna.
  2017 | D:6      | Found an iron altar of Okawaru.
  2126 | D:7      | Noticed a hippogriff
  2134 | D:7      | Killed a hippogriff
  2134 | D:7      | Reached XP level 9. HP: 43/69 MP: 14/14
  2183 | D:7      | Reached skill level 6 in Fighting
  2481 | D:8      | Reached skill level 4 in Short Blades
  2481 | D:8      | Reached skill level 4 in Axes
  2481 | D:8      | Reached skill level 4 in Maces & Flails
  2481 | D:8      | Reached skill level 4 in Staves
  2481 | D:8      | Reached skill level 4 in Slings
  2481 | D:8      | Reached skill level 4 in Bows
  2481 | D:8      | Reached skill level 4 in Crossbows
  2481 | D:8      | Reached skill level 4 in Throwing
  2481 | D:8      | Reached skill level 4 in Armour
  2481 | D:8      | Reached skill level 4 in Stealth
  2481 | D:8      | Reached skill level 4 in Unarmed Combat
  2481 | D:8      | Reached skill level 4 in Spellcasting
  2481 | D:8      | Reached skill level 4 in Conjurations
  2481 | D:8      | Reached skill level 4 in Hexes
  2481 | D:8      | Reached skill level 4 in Charms
  2481 | D:8      | Reached skill level 4 in Summonings
  2481 | D:8      | Reached skill level 4 in Necromancy
  2481 | D:8      | Reached skill level 4 in Translocations
  2481 | D:8      | Reached skill level 4 in Transmutations
  2481 | D:8      | Reached skill level 4 in Fire Magic
  2481 | D:8      | Reached skill level 4 in Ice Magic
  2481 | D:8      | Reached skill level 4 in Air Magic
  2481 | D:8      | Reached skill level 4 in Earth Magic
  2481 | D:8      | Reached skill level 4 in Poison Magic
  2481 | D:8      | Reached skill level 4 in Invocations
  2600 | D:8      | Reached skill level 5 in Long Blades
  2600 | D:8      | Reached skill level 5 in Dodging
  2600 | D:8      | Reached skill level 5 in Shields
  2600 | D:8      | Reached skill level 5 in Evocations
  2646 | D:7      | HP: 1/69 [shot self (18)]
  2731 | D:6      | Noticed KristoblXynda's ghost (novice DrFi)
  2751 | D:6      | Killed KristoblXynda's ghost
  2854 | D:6      | Found a glowing golden altar of the Shining One.
  3046 | D:8      | Noticed Prince Ribbit
  3078 | D:8      | Killed Prince Ribbit
  3078 | D:8      | Reached XP level 10. HP: 48/76 MP: 15/17
  3116 | D:8      | Gained mutation: You are covered in fur. (AC +1) [potion of mutation]
  3116 | D:8      | Lost mutation: You are covered in fur. (AC +1) [potion of mutation]
  3116 | D:8      | Gained mutation: Your flesh is cold resistant. (rC+) [potion of mutation]
  3117 | D:8      | Lost mutation: Your flesh is cold resistant. (rC+) [potion of mutation]
  3117 | D:8      | Gained mutation: You possess an exceptional clarity of mind. [potion of mutation]
  3117 | D:8      | Gained mutation: Your flesh is heat resistant. (rF+) [potion of mutation]
  3117 | D:8      | Gained mutation: You are partially covered in iridescent scales. (AC +2) [potion of mutation]
  3169 | D:9      | Found a snail-covered altar of Cheibriados.
  3173 | D:9      | Became a worshipper of Cheibriados the Contemplative
  3193 | D:9      | Found a hide-covered altar of Uskayaw.
  3222 | D:9      | Found a glowing golden altar of the Shining One.
  3406 | D:9      | Reached skill level 5 in Short Blades
  3406 | D:9      | Reached skill level 5 in Axes
  3406 | D:9      | Reached skill level 5 in Maces & Flails
  3406 | D:9      | Reached skill level 5 in Staves
  3406 | D:9      | Reached skill level 5 in Slings
  3406 | D:9      | Reached skill level 5 in Bows
  3406 | D:9      | Reached skill level 5 in Crossbows
  3406 | D:9      | Reached skill level 5 in Throwing
  3406 | D:9      | Reached skill level 5 in Armour
  3406 | D:9      | Reached skill level 5 in Stealth
  3406 | D:9      | Reached skill level 5 in Unarmed Combat
  3406 | D:9      | Reached skill level 5 in Spellcasting
  3406 | D:9      | Reached skill level 5 in Conjurations
  3406 | D:9      | Reached skill level 5 in Hexes
  3406 | D:9      | Reached skill level 5 in Charms
  3406 | D:9      | Reached skill level 5 in Summonings
  3406 | D:9      | Reached skill level 5 in Necromancy
  3406 | D:9      | Reached skill level 5 in Translocations
  3406 | D:9      | Reached skill level 5 in Transmutations
  3406 | D:9      | Reached skill level 5 in Fire Magic
  3406 | D:9      | Reached skill level 5 in Ice Magic
  3406 | D:9      | Reached skill level 5 in Air Magic
  3406 | D:9      | Reached skill level 5 in Earth Magic
  3406 | D:9      | Reached skill level 5 in Poison Magic
  3406 | D:9      | Reached skill level 5 in Invocations
  3606 | D:9      | HP: 3/77 [swamp worm (11)]
  3622 | D:9      | Found a staircase to the Orcish Mines.
  3635 | D:10     | Entered Level 10 of the Dungeon
  3696 | D:11     | Noticed a cyclops
  3709 | D:10     | Reached skill level 7 in Fighting
  3709 | D:10     | Reached skill level 10 in Polearms
  3841 | D:10     | Found Iveaff's General Store.
  3849 | D:10     | Bought a scroll of identify for 28 gold pieces
  3911 | D:10     | Noticed a gargoyle
  3938 | D:10     | Killed a gargoyle
  3938 | D:10     | Reached * piety under Cheibriados
  3938 | D:10     | Reached skill level 6 in Long Blades
  3938 | D:10     | Reached skill level 6 in Dodging
  3938 | D:10     | Reached skill level 6 in Shields
  3938 | D:10     | Reached skill level 6 in Evocations
  3984 | D:10     | Found Kumuysch's Antique Armour Shoppe.
  3988 | D:10     | Bought a glowing scarf for 256 gold pieces
  4138 | D:7      | Got a steaming helmet
  4144 | D:7      | Identified the +2 helmet of the City {Int+5} (You found it on level 7 of the Dungeon)
  4315 | D:10     | Noticed a two-headed ogre
  4337 | D:10     | Killed a two-headed ogre
  4353 | D:10     | Noticed Grum
  4374 | D:10     | Killed Grum
  4383 | D:10     | Reached XP level 11. HP: 68/84 MP: 7/19
  4450 | D:10     | Found Meoqimif's General Store.
  4454 | D:10     | Bought a scroll of identify for 24 gold pieces
  4454 | D:10     | Bought a potion of heal wounds for 60 gold pieces
  4454 | D:10     | Bought a potion of heal wounds for 60 gold pieces
  4454 | D:10     | Bought 5 curare-tipped needles for 36 gold pieces
  4454 | D:10     | Bought a scroll of amnesia for 42 gold pieces
  4454 | D:10     | Bought a potion of curing for 36 gold pieces
  4574 | D:10     | Reached ** piety under Cheibriados
  4615 | D:11     | Found Cuzig's Antique Weapon Boutique.
  4629 | D:11     | Killed a cyclops
  4711 | D:11     | Noticed a manticore
  4742 | D:11     | Killed a manticore
  4742 | D:11     | Reached skill level 6 in Short Blades
  4742 | D:11     | Reached skill level 6 in Axes
  4742 | D:11     | Reached skill level 6 in Maces & Flails
  4742 | D:11     | Reached skill level 6 in Staves
  4742 | D:11     | Reached skill level 6 in Slings
  4742 | D:11     | Reached skill level 6 in Bows
  4742 | D:11     | Reached skill level 6 in Crossbows
  4742 | D:11     | Reached skill level 6 in Throwing
  4742 | D:11     | Reached skill level 6 in Armour
  4742 | D:11     | Reached skill level 6 in Stealth
  4742 | D:11     | Reached skill level 6 in Unarmed Combat
  4742 | D:11     | Reached skill level 6 in Spellcasting
  4742 | D:11     | Reached skill level 6 in Conjurations
  4742 | D:11     | Reached skill level 6 in Hexes
  4742 | D:11     | Reached skill level 6 in Charms
  4742 | D:11     | Reached skill level 6 in Summonings
  4742 | D:11     | Reached skill level 6 in Necromancy
  4742 | D:11     | Reached skill level 6 in Translocations
  4742 | D:11     | Reached skill level 6 in Transmutations
  4742 | D:11     | Reached skill level 6 in Fire Magic
  4742 | D:11     | Reached skill level 6 in Ice Magic
  4742 | D:11     | Reached skill level 6 in Air Magic
  4742 | D:11     | Reached skill level 6 in Earth Magic
  4742 | D:11     | Reached skill level 6 in Poison Magic
  4742 | D:11     | Reached skill level 6 in Invocations
  4911 | D:11     | Got a transparent long sword
  4912 | D:11     | Identified the +7 long sword of Foedam {venom, *Drain rElec SInv} (You found it on level 11 of the Dungeon)
  5037 | D:12     | Noticed an eight-headed hydra
  5047 | D:12     | Killed a seven-headed hydra
  5092 | D:12     | Reached *** piety under Cheibriados
  5104 | D:12     | Noticed a manticore
  5117 | D:12     | Killed a manticore
  5205 | D:12     | Reached skill level 8 in Fighting
  5205 | D:12     | Reached skill level 7 in Long Blades
  5205 | D:12     | Reached skill level 7 in Dodging
  5205 | D:12     | Reached skill level 7 in Shields
  5205 | D:12     | Reached skill level 7 in Evocations
  5242 | D:12     | Reached **** piety under Cheibriados
  5381 | D:11     | Noticed a purple ugly thing
  5382 | D:11     | Noticed a two-headed ogre
  5392 | D:12     | Learned a level 3 spell: Confuse
  5400 | D:11     | Killed a two-headed ogre
  5400 | D:11     | Reached XP level 12. HP: 86/93 MP: 12/22
  5578 | D:10     | Found Batexten's General Store.
  5582 | D:10     | Bought a potion of degeneration for 15 gold pieces
  5631 | D:10     | Reached ***** piety under Cheibriados
  5688 | D:10     | Found Aroybbox's Distillery.
  5763 | D:11     | Noticed a fire giant
  5801 | D:11     | Reached skill level 7 in Short Blades
  5801 | D:11     | Reached skill level 7 in Axes
  5801 | D:11     | Reached skill level 7 in Maces & Flails
  5801 | D:11     | Reached skill level 7 in Staves
  5801 | D:11     | Reached skill level 7 in Slings
  5801 | D:11     | Reached skill level 7 in Bows
  5801 | D:11     | Reached skill level 7 in Crossbows
  5801 | D:11     | Reached skill level 7 in Throwing
  5801 | D:11     | Reached skill level 7 in Armour
  5801 | D:11     | Reached skill level 7 in Stealth
  5801 | D:11     | Reached skill level 7 in Unarmed Combat
  5801 | D:11     | Reached skill level 7 in Spellcasting
  5801 | D:11     | Reached skill level 7 in Conjurations
  5801 | D:11     | Reached skill level 7 in Hexes
  5801 | D:11     | Reached skill level 7 in Charms
  5801 | D:11     | Reached skill level 7 in Summonings
  5801 | D:11     | Reached skill level 7 in Necromancy
  5801 | D:11     | Reached skill level 7 in Translocations
  5801 | D:11     | Reached skill level 7 in Transmutations
  5801 | D:11     | Reached skill level 7 in Fire Magic
  5801 | D:11     | Reached skill level 7 in Ice Magic
  5801 | D:11     | Reached skill level 7 in Air Magic
  5801 | D:11     | Reached skill level 7 in Earth Magic
  5801 | D:11     | Reached skill level 7 in Poison Magic
  5801 | D:11     | Reached skill level 7 in Invocations
  5856 | D:11     | Noticed a tengu warrior
  5878 | D:11     | Killed a fire giant
  5878 | D:11     | Reached skill level 11 in Polearms
  5882 | D:11     | Killed a tengu warrior
  6125 | D:11     | Noticed a three-headed hydra
  6138 | D:11     | Killed a three-headed hydra
  6191 | D:11     | Noticed a two-headed ogre
  6198 | D:11     | Killed a two-headed ogre
  6333 | D:13     | Reached skill level 8 in Long Blades
  6333 | D:13     | Reached skill level 8 in Dodging
  6333 | D:13     | Reached skill level 8 in Shields
  6333 | D:13     | Reached skill level 8 in Evocations
  6344 | D:13     | HP: 4/94 [cyclops (20)]
  6444 | D:13     | Reached skill level 9 in Fighting
  6646 | D:13     | Reached XP level 13. HP: 86/101 MP: 20/24
  7032 | D:14     | Reached ****** piety under Cheibriados
  7055 | D:14     | Reached skill level 8 in Short Blades
  7055 | D:14     | Reached skill level 8 in Axes
  7055 | D:14     | Reached skill level 8 in Maces & Flails
  7055 | D:14     | Reached skill level 8 in Staves
  7055 | D:14     | Reached skill level 8 in Slings
  7055 | D:14     | Reached skill level 8 in Bows
  7055 | D:14     | Reached skill level 8 in Crossbows
  7055 | D:14     | Reached skill level 8 in Throwing
  7055 | D:14     | Reached skill level 8 in Armour
  7055 | D:14     | Reached skill level 8 in Stealth
  7055 | D:14     | Reached skill level 8 in Unarmed Combat
  7055 | D:14     | Reached skill level 8 in Spellcasting
  7055 | D:14     | Reached skill level 8 in Conjurations
  7055 | D:14     | Reached skill level 8 in Hexes
  7055 | D:14     | Reached skill level 8 in Charms
  7055 | D:14     | Reached skill level 8 in Summonings
  7055 | D:14     | Reached skill level 8 in Necromancy
  7055 | D:14     | Reached skill level 8 in Translocations
  7055 | D:14     | Reached skill level 8 in Transmutations
  7055 | D:14     | Reached skill level 8 in Fire Magic
  7055 | D:14     | Reached skill level 8 in Ice Magic
  7055 | D:14     | Reached skill level 8 in Air Magic
  7055 | D:14     | Reached skill level 8 in Earth Magic
  7055 | D:14     | Reached skill level 8 in Poison Magic
  7055 | D:14     | Reached skill level 8 in Invocations
  7172 | D:14     | Found a gate to the Vaults.
  7198 | D:15     | Entered Level 15 of the Dungeon
  7580 | D:15     | Found a blossoming altar of Fedhas.
  7629 | D:15     | Learned a level 1 spell: Animate Skeleton
  7631 | D:15     | Learned a level 1 spell: Apportation
  7782 | D:15     | Found a staircase to the Depths.
  8068 | D:10     | Bought a scroll of blinking for 112 gold pieces
  8068 | D:10     | Bought a scroll of enchant armour for 112 gold pieces
  8137 | Orc:1    | Entered Level 1 of the Orcish Mines
  8212 | Orc:2    | Entered Level 2 of the Orcish Mines
  8221 | Orc:2    | Found a staircase to the Elven Halls.
  8244 | Orc:1    | Found a roughly hewn altar of Beogh.
  8246 | Orc:1    | Noticed Maurice
  8269 | Orc:1    | Killed Maurice
  8271 | Orc:1    | Reached skill level 9 in Long Blades
  8271 | Orc:1    | Reached skill level 9 in Dodging
  8271 | Orc:1    | Reached skill level 9 in Shields
  8271 | Orc:1    | Reached skill level 9 in Evocations
  8468 | Orc:1    | Learned a level 6 spell: Freezing Cloud
  8516 | Orc:1    | Found a roughly hewn altar of Beogh.
  8593 | Orc:2    | Reached XP level 14. HP: 99/109 MP: 17/26
  8657 | Orc:2    | Found a roughly hewn altar of Beogh.
  8776 | Orc:2    | Found Reummir's Distillery.
  8781 | Orc:2    | Found Waptesol's Distillery.
  8948 | Orc:2    | Bought a potion of agility for 60 gold pieces
  8950 | Orc:2    | Bought a potion of brilliance for 60 gold pieces
  8950 | Orc:2    | Bought a potion of ambrosia for 120 gold pieces
  8989 | Orc:2    | Reached skill level 10 in Fighting
  8989 | Orc:2    | Reached skill level 12 in Polearms
  9121 | Orc:2    | Reached skill level 9 in Short Blades
  9121 | Orc:2    | Reached skill level 9 in Axes
  9121 | Orc:2    | Reached skill level 9 in Maces & Flails
  9121 | Orc:2    | Reached skill level 9 in Staves
  9121 | Orc:2    | Reached skill level 9 in Slings
  9121 | Orc:2    | Reached skill level 9 in Bows
  9121 | Orc:2    | Reached skill level 9 in Crossbows
  9121 | Orc:2    | Reached skill level 9 in Throwing
  9121 | Orc:2    | Reached skill level 9 in Armour
  9121 | Orc:2    | Reached skill level 9 in Stealth
  9121 | Orc:2    | Reached skill level 9 in Unarmed Combat
  9121 | Orc:2    | Reached skill level 9 in Spellcasting
  9121 | Orc:2    | Reached skill level 9 in Conjurations
  9121 | Orc:2    | Reached skill level 9 in Hexes
  9121 | Orc:2    | Reached skill level 9 in Charms
  9121 | Orc:2    | Reached skill level 9 in Summonings
  9121 | Orc:2    | Reached skill level 9 in Necromancy
  9121 | Orc:2    | Reached skill level 9 in Translocations
  9121 | Orc:2    | Reached skill level 9 in Transmutations
  9121 | Orc:2    | Reached skill level 9 in Fire Magic
  9121 | Orc:2    | Reached skill level 9 in Ice Magic
  9121 | Orc:2    | Reached skill level 9 in Air Magic
  9121 | Orc:2    | Reached skill level 9 in Earth Magic
  9121 | Orc:2    | Reached skill level 9 in Poison Magic
  9121 | Orc:2    | Reached skill level 9 in Invocations
  9161 | Orc:2    | Found Ymoryol's Weapon Shop.
  9319 | Orc:2    | Paralysed by an orc sorcerer for 6 turns
  9363 | Orc:2    | Learned a level 3 spell: Mephitic Cloud
  9485 | Orc:2    | Found Sizisch Saymu's Antique Weapon Shoppe.
  9485 | Orc:2    | Found a one-way gate leading to the halls of Pandemonium.
  9485 | Orc:2    | Found Ditrigot's Gadget Emporium.
  9552 | Elf:1    | Entered Level 1 of the Elven Halls
  9552 | Elf:1    | Noticed a deep elf sorcerer
  9593 | Elf:1    | Killed a deep elf sorcerer
  9662 | Elf:1    | Noticed Asterion
  9682 | Elf:1    | Killed Asterion
  9768 | Elf:1    | Found a magical portal.
  9780 | WizLab   | Entered Wucad Mu's Monastery
  9790 | WizLab   | Noticed a grey draconian monk
  9790 | WizLab   | Noticed a grey draconian monk
  9806 | WizLab   | Noticed a grey draconian monk
  9810 | WizLab   | HP: 10/111 [grey draconian monk[old memories] (16)]
  9816 | WizLab   | HP: 11/111 [grey draconian monk[old memories] (2)]
  9818 | WizLab   | HP: 1/111 [grey draconian monk[old memories] (5)]
  9830 | WizLab   | HP: 9/111 [deep troll[old memories] (2)]
  9846 | WizLab   | Noticed a grey draconian monk
  9855 | WizLab   | HP: 8/111 [grey draconian monk[old memories] (9)]
  9867 | WizLab   | Noticed a grey draconian monk
  9970 | WizLab   | Noticed a grey draconian monk
  9970 | WizLab   | Noticed a grey draconian monk
  9978 | WizLab   | HP: 7/111 [grey draconian monk[old memories] (10)]
  9979 | WizLab   | Demolished by a grey draconian monk

Vault maps used:
D:1:      lightli_arrival_windingriver
D:2:      chequers_ecumenical_altar_twisty
D:3:      grunt_qazlal_clouds, first_bread, roderic_serpentine_path
D:4:      old_standard_altar, temple_fountains, uniq_grinder
D:5:      uniq_ijyb
D:6:      minitemple, minmay_misc_feat_room, tso_altar
D:7:      nemelex_diamond_rough_becter
D:8:      uniq_prince_ribbit1
D:9:      makhleb_blood_cavern_becter, nicolae_overflow_quartered_altars,
          david_lair_shrubbed, orc_0_dummy, worms_lemuel
D:10:     serial_shops, shop, shop, shop, shop, shop_fountains, uniq_grum
D:11:     serial_shops, shop_fountains, hangedman_ranch, minmay_evil_grid
D:12:     special_room
D:14:     hangedman_vaults_entry_quadrant_bands
D:15:     grunt_enter_depths_magical_seal, fedhas_altar_3, uniq_nessos
Temple:   cyrus_circular_temple
Orc:1:    basic_altar, lemuel_statue_altar, uniq_maurice
Orc:2:    pf_orc_diabolical, serial_shops, shop, mines1_david
Elf:1:    elf_arrival_002, mu_enter_wizlab_6, hangedman_corner_corridor,
          uniq_asterion
WizLab:   wizlab_wucad

Skill      XL: |  1  2  3  4  5  6  7  8  9 10 11 12 13 14 |
---------------+-------------------------------------------+-----
Short Blades   | 1 2 3 4 5 6 7 8 9 |  9.3
Axes           | 1 2 3 4 5 6 7 8 9 |  9.3
Maces & Flails | 1 2 3 4 5 6 7 8 9 |  9.3
Staves         | 1 2 3 4 5 6 7 8 9 |  9.3
Slings         | 1 2 3 4 5 6 7 8 9 |  9.3
Bows           | 1 2 3 4 5 6 7 8 9 |  9.3
Crossbows      | 1 2 3 4 5 6 7 8 9 |  9.3
Throwing       | 1 2 3 4 5 6 7 8 9 |  9.3
Armour         | 1 2 3 4 5 6 7 8 9 |  9.3
Stealth        | 1 2 3 4 5 6 7 8 9 |  9.3
Unarmed Combat | 1 2 3 4 5 6 7 8 9 |  9.3
Spellcasting   | 1 2 3 4 5 6 7 8 9 |  9.3
Conjurations   | 1 2 3 4 5 6 7 8 9 |  9.3
Hexes          | 1 2 3 4 5 6 7 8 9 |  9.3
Charms         | 1 2 3 4 5 6 7 8 9 |  9.3
Summonings     | 1 2 3 4 5 6 7 8 9 |  9.3
Necromancy     | 1 2 3 4 5 6 7 8 9 |  9.3
Translocations | 1 2 3 4 5 6 7 8 9 |  9.3
Transmutations | 1 2 3 4 5 6 7 8 9 |  9.3
Fire Magic     | 1 2 3 4 5 6 7 8 9 |  9.3
Ice Magic      | 1 2 3 4 5 6 7 8 9 |  9.3
Air Magic      | 1 2 3 4 5 6 7 8 9 |  9.3
Earth Magic    | 1 2 3 4 5 6 7 8 9 |  9.3
Poison Magic   | 1 2 3 4 5 6 7 8 9 |  9.3
Invocations    | 1 2 3 4 5 6 7 8 9 |  9.3
Fighting       | 5 6 7 8 9 10 | 10.4
Long Blades    | 3 4 5 6 7 8 9 |  9.7
Dodging        | 3 4 5 6 7 8 9 |  9.7
Shields        | 3 4 5 6 7 8 9 |  9.7
Evocations     | 3 4 5 6 7 8 9 |  9.7
Polearms       | 9 10 11 12 | 12.3

Action                   |  1- 3 |  4- 6 |  7- 9 | 10-12 | 13-15 || total
-------------------------+-------+-------+-------+-------+-------++-------
Melee: Spear             |    64 |    84 |    48 |   142 |       ||   338
       Bite              |     3 |     7 |    25 |   146 |   191 ||   372
       Whip              |       |     3 |   178 |   598 |   778 ||  1557
       War axe           |       |       |     4 |     5 |    21 ||    30
       Long sword        |       |       |       |    26 |       ||    26
       Scimitar          |       |       |       |    12 |    12 ||    24
       Demon trident     |       |       |       |       |    32 ||    32
Throw: Javelin           |       |     3 |       |       |    28 ||    31
 Cast: Confuse           |       |       |       |    30 |    26 ||    56
       Apportation       |       |       |       |       |    16 ||    16
       Animate Skeleton  |       |       |       |       |    28 ||    28
       Mephitic Cloud    |       |       |       |       |     7 ||     7
       Freezing Cloud    |       |       |       |       |     2 ||     2
Invok: Bend Time         |       |       |       |     2 |    37 ||    39
       Slouch            |       |       |       |       |     3 ||     3
Evoke: Wand              |       |     2 |    13 |    16 |    16 ||    47
       Lightning rod     |       |       |       |     2 |     2 ||     4
  Use: Potion            |       |     2 |     2 |     6 |     5 ||    15
       Scroll            |       |       |     7 |    13 |    11 ||    31
 Stab: Confused          |       |     2 |     2 |    51 |    15 ||    70
       Sleeping          |       |       |     5 |    19 |     9 ||    33
       Distracted        |       |       |       |     1 |     7 ||     8
       Invisible         |       |       |       |       |     1 ||     1
  Eat: Chunk             |       |       |     6 |    10 |    11 ||    27
       Fruit             |       |       |     1 |       |       ||     1
       Bread ration      |       |       |       |       |     1 ||     1
Armor: Robe              |     2 |       |       |       |       ||     2
       Ring mail         |     3 |     5 |    36 |    13 |       ||    57
       Skin              |       |     3 |     7 |       |       ||    10
       Troll leather arm |       |       |       |    87 |    99 ||   186
Dodge: Dodged            |    13 |    11 |    85 |   431 |   649 ||  1189
Block: Buckler           |     7 |     4 |    35 |   163 |   339 ||   548
       Rpst.: Long sword |       |       |       |     6 |       ||     6
       Scimitar          |       |       |       |     2 |     2 ||     4

Table legend:
 A = Spawn XP
 B = Non-spawn XP
 C = Spawn XP percentage of total XP
 D = Spawn monster count
 E = Non-spawn monster count
 F = Spawn count percentage of total count
 G = Total turns spent on level
                    A         B        C        D         E        F      G
               +---------+---------+-------+---------+---------+-------+---------
         Total |       0 |   79482 |   0.0 |       0 |     506 |   0.0 |  9979
               +---------+---------+-------+---------+---------+-------+---------
           D:1 |       0 |      19 |   0.0 |       0 |      12 |   0.0 |   386
           D:2 |       0 |      38 |   0.0 |       0 |      15 |   0.0 |   263
           D:3 |       0 |      74 |   0.0 |       0 |      17 |   0.0 |   450
           D:4 |       0 |    1674 |   0.0 |       0 |      12 |   0.0 |   497
           D:5 |       0 |     187 |   0.0 |       0 |       6 |   0.0 |   306
           D:6 |       0 |     832 |   0.0 |       0 |       7 |   0.0 |   330
           D:7 |       0 |     838 |   0.0 |       0 |      28 |   0.0 |   561
           D:8 |       0 |    1085 |   0.0 |       0 |      21 |   0.0 |   477
           D:9 |       0 |    1618 |   0.0 |       0 |      28 |   0.0 |   557
          D:10 |       0 |    3824 |   0.0 |       0 |      42 |   0.0 |  1081
          D:11 |       0 |   12974 |   0.0 |       0 |      44 |   0.0 |   957
          D:12 |       0 |    5465 |   0.0 |       0 |      39 |   0.0 |   563
          D:13 |       0 |    7425 |   0.0 |       0 |      49 |   0.0 |   695
          D:14 |       0 |    8624 |   0.0 |       0 |      38 |   0.0 |   587
          D:15 |       0 |    4991 |   0.0 |       0 |      15 |   0.0 |   394
         Orc:1 |       0 |    3958 |   0.0 |       0 |      35 |   0.0 |   388
         Orc:2 |       0 |   18342 |   0.0 |       0 |      90 |   0.0 |  1027
         Elf:1 |       0 |    7514 |   0.0 |       0 |       8 |   0.0 |   228
               +---------+---------+-------+---------+---------+-------+---------

Table legend:
 A = Turns spent in this place as a percentage of turns spent in the entire game.
 B = Non-inter-level travel turns spent in this place as a percentage of non-inter-level travel turns spent in the entire game.
 C = Inter-level travel turns spent in this place as a percentage of turns spent in this place.
 D = Turns resting spent in this place as a percentage of non-inter-level travel turns spent in this place.
 E = Turns spent auto-exploring this place as a percentage of non-inter-level travel turns spent in this place.
 F = Non-inter-level travel turns spent in this place divided by the number of levels of this place that you've seen.
                   A       B       C       D       E      F
               +-------+-------+-------+-------+-------+----------------------
         Total | 100.0 | 100.0 |   6.4 |   0.6 |   0.0 | 466.9
       Dungeon |  81.2 |  80.5 |   7.3 |   0.3 |   0.0 | 500.9
        Temple |   0.3 |   0.4 |   0.0 |   0.0 |   0.0 |  33.0
  Orcish Mines |  14.2 |  14.6 |   3.5 |   0.0 |   0.0 | 682.5
   Elven Halls |   2.3 |   2.4 |   0.0 |  15.4 |   0.0 | 228.0
        Wizlab |   2.0 |   2.1 |   0.0 |   0.0 |   0.0 | 199.0
               +-------+-------+-------+-------+-------+----------------------

Table legend:
 A = Kills in this place as a percentage of kills in entire the game.
 B = Kills by you in this place as a percentage of kills by you in the entire game.
 C = Kills by friends in this place as a percentage of kills by friends in the entire game.
 D = Other kills in this place as a percentage of other kills in the entire game.
 E = Experience gained in this place as a percentage of experience gained in the entire game.
 F = Experience gained in this place divided by the number of levels of this place that you have seen.
                   A       B       C       D       E      F
               +-------+-------+-------+-------+-------+----------------------
         Total | 100.0 | 100.0 | 100.0 | 100.0 | 100.0 | 3974.1
       Dungeon |  73.7 |  74.5 |  52.9 |  71.4 |  62.5 | 3311.2
  Orcish Mines |  24.7 |  24.1 |  47.1 |  14.3 |  28.1 | 11150.0
   Elven Halls |   1.6 |   1.5 |   0.0 |  14.3 |   9.5 | 7514.0
               +-------+-------+-------+-------+-------+----------------------

Vault maps used:
D:1:      lightli_arrival_windingriver
D:2:      chequers_ecumenical_altar_twisty
D:3:      grunt_qazlal_clouds, first_bread, roderic_serpentine_path
D:4:      old_standard_altar, temple_fountains, uniq_grinder
D:5:      uniq_ijyb
D:6:      minitemple, minmay_misc_feat_room, tso_altar
D:7:      nemelex_diamond_rough_becter
D:8:      uniq_prince_ribbit1
D:9:      makhleb_blood_cavern_becter, nicolae_overflow_quartered_altars,
          david_lair_shrubbed, orc_0_dummy, worms_lemuel
D:10:     serial_shops, shop, shop, shop, shop, shop_fountains, uniq_grum
D:11:     serial_shops, shop_fountains, hangedman_ranch, minmay_evil_grid
D:12:     special_room
D:14:     hangedman_vaults_entry_quadrant_bands
D:15:     grunt_enter_depths_magical_seal, fedhas_altar_3, uniq_nessos
Temple:   cyrus_circular_temple
Orc:1:    basic_altar, lemuel_statue_altar, uniq_maurice
Orc:2:    pf_orc_diabolical, serial_shops, shop, mines1_david
Elf:1:    elf_arrival_002, mu_enter_wizlab_6, hangedman_corner_corridor,
          uniq_asterion
WizLab:   wizlab_wucad
